 Dungeon Crawl Stone Soup version 0.23-a0-189-gc87c613 (webtiles) character file.

62 Felrender the Covered (level 3, -9/33 HPs)
             Began as a Minotaur Fighter on Sept 23, 2018.
             Was an Initiate of Okawaru.
             Killed by divine providence
             ... invoked by an orc priest
              (16 damage)
             ... on level 4 of the Dungeon.
             The game lasted 00:03:43 (2209 turns).

Felrender the Covered (Minotaur Fighter)            Turns: 2209, Time: 00:03:44

Health: -9/33      AC:  7    Str: 21    XL:     3   Next: 85%
Magic:  2/2        EV: 10    Int:  5    God:    Okawaru [......]
Gold:   93         SH:  9    Dex:  9    Spells: 2/2 levels left

rFire    . . .     SeeInvis .   a - +1 war axe
rCold    . . .     Gourm    .   c - +0 shield
rNeg     . . .     Faith    .   b - +0 scale mail
rPois    .         Spirit   .   (helmet restricted)
rElec    .         Reflect  .   (no cloak)
rCorr    .         Harm     .   (no gloves)
MR       .....                  (no boots)
Stlth    ..........             (no amulet)
HPRegen  0.11/turn              e - +3 ring of evasion
MPRegen  0.08/turn              (no ring)

@: no status effects
A: retaliatory headbutt, horns 2
a: Renounce Religion


You were on level 4 of the Dungeon.
You worshipped Okawaru.
Okawaru was noncommittal.
You were not hungry.

You visited 2 branches of the dungeon, and saw 4 of its levels.

You collected 93 gold pieces.

Inventory:

Hand Weapons
 a - a +1 war axe (weapon)
 i - a cursed -1 morningstar
Armour
 b - a +0 scale mail (worn)
 c - a +0 shield (worn)
Jewellery
 e - a +3 ring of evasion (left hand)
Potions
 d - a potion of might
 g - a potion of cancellation {unknown}
 l - a potion of curing {unknown}
Comestibles
 f - 2 rations


   Skills:
 + Level 4.1 Fighting
 + Level 3.6 Axes
 + Level 4.3 Armour
 + Level 0.2 Dodging
 + Level 4.0 Shields


You had 2 spell levels left.
You didn't know any spells.
Your spell library was empty.

Dungeon Overview and Level Annotations

Branches:
Dungeon (4/15)             Temple (1/1) D:4

Altars:
Ashenzari
Cheibriados
Dithmenos
Elyvilon
Fedhas
Gozag
Hepliaklqana
Kikubaaqudgha
Makhleb
Nemelex Xobeh
Okawaru
Qazlal
Ru
Sif Muna
Trog
Uskayaw
Vehumet
Wu Jian
Xom
Zin
The Shining One


Innate Abilities, Weirdness & Mutations

You reflexively headbutt those who attack you in melee.
You have a pair of horns on your head.


Message History

The orc priest shouts!
The orc wizard gestures at you while chanting.
You block the puff of flame.
The orc priest invokes the aid of Beogh against you.
Pain shoots through your body!
Found a ration.
The orc hits you with a flail.
The orc priest mumbles some strange prayers to Beogh against you.
Beogh smites you!
* * * LOW HITPOINT WARNING * * *
The orc closely misses you. The orc hits you but does no damage.
The orc wizard casts a spell.
The orc wizard flickers and vanishes!
Deactivating autopickup; reactivate with Ctrl-A.
You completely miss the orc. The orc hits you with a flail.
* * * LOW HITPOINT WARNING * * *
The orc priest calls down the wrath of Beogh upon you.
Beogh smites you!
You die...

......#....###...#........#....
.....o#....+.#...#............$
.....o.....#.#.#...............
.....#####.....#........##.....
.....##....o...##........ .....
.....##.......o##........# ....
................o#.......# ....
..##..%........#o#...... ..
#....####...#@......# ###.
#...###...... . #.... ...#.. .
.....# .## ......+ .. #......#
.# ..


You could see an orc priest and 2 orcs.

Vanquished Creatures
  An adder (D:2)
  A worm (D:2)
  3 dart slugs
  8 orcs
  2 giant cockroaches
  4 hobgoblins (D:2)
  2 jackals (D:2)
  A ball python (D:1)
  3 bats (D:2)
  2 frilled lizards
  A goblin (D:2)
  4 kobolds
  4 rats
36 creatures vanquished.

Notes
Turn   | Place    | Note
-------+----------+-------------------------------------------
     0 | D:1      | Felrender the Minotaur Fighter began the quest for the Orb.
     0 | D:1      | Reached XP level 1. HP: 19/19 MP: 0/0
   102 | D:1      | Reached XP level 2. HP: 23/27 MP: 1/1
  1050 | D:2      | Reached XP level 3. HP: 33/33 MP: 2/2
  1378 | D:2      | You fall through a shaft for 2 floors!
  1396 | D:4      | Found a staircase to the Ecumenical Temple.
  1879 | Temple   | Entered the Ecumenical Temple
  2123 | Temple   | Became a worshipper of Warmaster Okawaru
  2209 | D:4      | Killed from afar by an orc priest

Vault maps used:
D:1:      erik_arrival_triangle_medium
D:4:      lemuel_zombie_altar_yredelemnul, lemuel_temple_firewalk_b,
          first_ration, serial_shops, shop
Temple:   roderic_octagonal_lattice_temple

Skill      XL: |  1  2  3 |
---------------+----------+-----
Armour         | 4 |  4.3
Axes           | 3 |  3.6
Fighting       | 4 |  4.1
Shields        | 4 |  4.0
Dodging        | |  0.2

Action                   || total
-------------------------++-------
Melee: War axe           ||    78
       Headbutt          ||    11
  Use: Scroll            ||     7
  Eat: Chunk             ||     2
       Ration            ||     1
Armor: Scale mail        ||    28
Dodge: Dodged            ||    27
Block: Shield            ||    43

Table legend:
 A = Non-vault XP
 B = Vault XP
 C = Vault XP percentage of total XP
 D = Non-vault monster count
 E = Vault monster count
 F = Vault count percentage of total count
                 A         B        C        D         E       F
            +---------+---------+-------+---------+---------+-------
      Total |      89 |       0 |   0.0 |      36 |       0 |   0.0
            +---------+---------+-------+---------+---------+-------
        D:1 |      14 |       0 |   0.0 |       7 |       0 |   0.0
        D:2 |      63 |       0 |   0.0 |      25 |       0 |   0.0
        D:4 |      12 |       0 |   0.0 |       4 |       0 |   0.0
            +---------+---------+-------+---------+---------+-------
